 Dungeon Crawl Stone Soup version 0.29.0-4-gdea44cf6ec (webtiles) character file.

Game seed: 5777950726872025329

300 qw the Chopper (level 6, -10/31 (35) HPs)
             Began as a Tengu Warper on Aug 28, 2022.
             Was an Initiate of Okawaru.
             Mangled by Edmund
             ... wielding a +3 flail of draining
              (14 damage)
             ... on level 4 of the Dungeon.
             The game lasted 00:00:17 (3153 turns).

qw the Chopper (Tengu Warper)                       Turns: 3153, Time: 00:00:17

HP:   -10/31 (35)   AC:  3    Str: 13    XL:     6   Next: 36%
MP:   10/10         EV: 14    Int: 13    God:    Okawaru [......]
Gold: 44            SH:  0    Dex: 14    Spells: 9/9 levels left

rFire   . . .      SeeInvis .   Y - +0 hand axe
rCold   . . .      Faith    .   (no shield)
rNeg    . . .      Spirit   .   b - +0 leather armour
rPois   .          Reflect  .   (helmet restricted)
rElec   .          Harm     .   (no cloak)
rCorr   .          Rampage  .   (no gloves)
Will    .....                   (boots unavailable)
Stlth   +.........              (no amulet)
HPRegen 0.10/turn               (no ring)
MPRegen 0.12/turn               (no ring)

@: flying quickly and evasively, heavily drained, quick
A: beak, talons 3, nimble flight
a: Renounce Religion


You were on level 4 of the Dungeon.
You worshipped Okawaru.
Okawaru was noncommittal.
You visited 2 branches of the dungeon, and saw 4 of its levels.

You collected 92 gold pieces.
You spent 48 gold pieces at shops.


Innate Abilities, Weirdness & Mutations

You have a beak for a mouth.
You have claws for feet.
Your magical nature lets you fly swiftly and evasively.


   Skills:
 + Level 2.1 Fighting
 - Level 7.1 Axes
 - Level 1.0 Throwing
 - Level 1.1 Armour
 - Level 2.1 Dodging
 - Level 2.0 Spellcasting
 - Level 2.4 Translocations


You had 9 spell levels left.
You didn't know any spells.
Your spell library contained the following spells:

 Spells                   Type           Power      Damage    Failure   Level
 Blink                    Tloc           14%        N/A       19%         2
 Gell's Gravitas          Tloc           7%         N/A       36%         3
 Lesser Beckoning         Tloc           7%         N/A       36%         3
 Teleport Other           Tloc           7%         N/A       36%         3
 Manifold Assault         Tloc           7%         N/A       98%         5

Inventory:

Hand Weapons
 c - a +0 morningstar
 Y - a +0 hand axe (weapon)
Missiles
 j - 3 boomerangs (quivered)
Armour
 b - a +0 leather armour (worn)
Scrolls
 a - 2 scrolls of identify
 f - a scroll of enchant armour
Potions
 h - a potion of curing {unknown}

Dungeon Overview and Level Annotations

Branches:
Dungeon (4/15)             Temple (1/1) D:4

Altars:
Ashenzari
Cheibriados
Dithmenos
Elyvilon
Fedhas
Hepliaklqana
Kikubaaqudgha
Makhleb
Nemelex Xobeh
Okawaru
Qazlal
Ru
Sif Muna
Trog
Uskayaw
Vehumet
Wu Jian
Xom
Yredelemnul
Zin
The Shining One

Shops:
D:1 [   D:4 (

Annotations:
D:4 Edmund


Message History

c - a +0 morningstar Thank you for shopping at Irokolota's Weapon Shoppe!
3105 ||| SHOPLISTING +12 mace "Ofaecral" {protect, rC+++ rN+++ Str-3 Dex-2} (1333 gold, have 44).
You can access your shopping list by pressing '$'.
3105 ||| DROPPING +0 club.
You drop a +0 club.
Edmund the Younger comes into view.
He is wielding a +3 flail of draining.
Edmund shouts!
Throw: 3 boomerangs
Press: ? - help, Q - select action Shift-Dir - straight line, f - Edmund You throw a boomerang.
The boomerang hits Edmund but does no damage.
Throw: 3 boomerangs
Press: ? - help, Q - select action Shift-Dir - straight line, f/p - Edmund You throw a boomerang.
The boomerang hits Edmund!
Edmund is lightly wounded.
Throw: 3 boomerangs
Press: ? - help, Q - select action Shift-Dir - straight line, f/p - Edmund You throw a boomerang.
The boomerang hits Edmund.
Edmund is lightly wounded.
You hit Edmund but do no damage. You claw Edmund. Your peck misses Edmund.
Edmund is moderately wounded.
An iguana comes into view.
Edmund barely misses you.
The iguana hisses angrily.
You hit Edmund but do no damage. You claw Edmund, but do no damage.
Edmund is moderately wounded.
Edmund hits you with a +3 flail of draining.
You feel drained.
You hit Edmund. You claw Edmund.
Edmund is moderately wounded.
Edmund hits you with a +3 flail of draining!
You feel drained.
You hit Edmund. Your kick misses Edmund.
Edmund is moderately wounded.
Edmund hits you with a +3 flail of draining!
You feel drained.
You barely miss Edmund. Your kick misses Edmund.
Edmund is moderately wounded.
Edmund hits you with a +3 flail of draining!
You die...

......#.......#... ...
..........#.}.#.........
........................
...........#.#..........
...............##.......
............#.## ......
..........!...# .....
...........#### #....
....l.@@.#..## #...
........####.## ####
........# ##.## ##
.....##.# ##.########.
..#.# ##. #..........
...# . ##...##.... ..# .
########## .# .# # #


You could see Edmund and an iguana.

Vanquished Creatures
  A black bear (D:4)
  A bullfrog (D:4)
  A jelly (D:4)
  4 adders
  5 worms (D:2)
  4 dart slugs (D:1)
  4 ball pythons
  5 endoplasms
  2 giant cockroaches
  4 goblins
  4 hobgoblins
  8 jackals
  8 kobolds
  2 quokkas (D:1)
  2 frilled lizards
  2 rats (D:2)
57 creatures vanquished.

Vanquished Creatures (others)
  A plant (D:2)
1 creature vanquished.

Grand Total: 58 creatures vanquished

Notes
Turn   | Place    | Note
-------+----------+-------------------------------------------
     0 | D:1      | qw the Tengu Warper began the quest for the Orb.
     0 | D:1      | Reached XP level 1. HP: 12/12 MP: 4/4
     0 | D:1      | 0 ||| qw: Version: 0.1-a-89-g26bdef1
     0 | D:1      | 0 ||| qw: Game counter: 2247
     0 | D:1      | 0 ||| qw: Always use a shield: true
     0 | D:1      | 0 ||| qw: God list: Okawaru
     0 | D:1      | 0 ||| qw: Allow faded altars: false
     0 | D:1      | 0 ||| qw: Do Orc after D:15 true
     0 | D:1      | 0 ||| qw: Do second Lair branch before Depths: true
     0 | D:1      | 0 ||| qw: Lair rune preference: random
     0 | D:1      | 0 ||| qw: Plans: Normal
     0 | D:1      | 0 ||| PLANNING D:1-11
    94 | D:1      | Reached skill level 3 in Axes
    94 | D:1      | Reached XP level 2. HP: 12/17 MP: 6/6
   195 | D:1      | 195 ||| Stepping ~*~*~tactically~*~*~ (stealth).
   197 | D:1      | 197 ||| Stepping ~*~*~tactically~*~*~ (stealth).
   311 | D:1      | 311 ||| Stepping ~*~*~tactically~*~*~ (stealth).
   425 | D:1      | Found Dosmirum's Antique Armour Shoppe.
   437 | D:1      | 437 ||| SHOPLISTING distressingly furry chain mail (228
                  | gold, have 12).
   437 | D:1      | 437 ||| SHOPLISTING glowing leather armour (120 gold, have
                  | 12).
   437 | D:1      | 437 ||| SHOPLISTING polished scale mail (216 gold, have
                  | 12).
   437 | D:1      | 437 ||| SHOPLISTING ring mail (96 gold, have 12).
   437 | D:1      | 437 ||| SHOPLISTING shiny ring mail (168 gold, have 12).
   437 | D:1      | 437 ||| SHOPLISTING smoking ring mail (216 gold, have 12).
   474 | D:1      | Reached XP level 3. HP: 21/21 MP: 7/7
   749 | D:1      | 749 ||| Stepping ~*~*~tactically~*~*~ (hiding).
   758 | D:1      | Reached skill level 4 in Axes
  1256 | D:1      | 1256 ||| READING 2 scrolls labelled XEMOYQ UFYTOCETZ.
  1257 | D:1      | 1257 ||| READING 3 scrolls labelled SICLAACKOT.
  1258 | D:1      | 1258 ||| READING scroll labelled GILINIL EJEVO.
  1259 | D:1      | 1259 ||| READING scroll labelled PORRUC LUITU.
  1260 | D:1      | 1260 ||| DROPPING scroll of blinking.
  1261 | D:1      | 1261 ||| DROPPING 2 scrolls of immolation.
  1318 | D:2      | 1318 ||| STAIRDANCE
  1332 | D:2      | 1332 ||| STAIRDANCE
  1589 | D:2      | Found a faded altar of an unknown god.
  1606 | D:2      | Reached XP level 4. HP: 24/26 MP: 8/8
  1844 | D:2      | Reached skill level 5 in Axes
  2031 | D:2      | You fall into a shaft and drop 2 floors!
  2031 | D:4      | Found a staircase to the Ecumenical Temple.
  2032 | D:4      | 2032 ||| PLANNING TEMPLE
  2032 | D:4      | 2032 ||| READING scroll labelled YHENKA SEPLIGH.
  2033 | D:4      | 2033 ||| READING 3 scrolls of identify.
  2033 | D:4      | 2033 ||| IDENTIFYING black potion
  2034 | D:4      | 2034 ||| READING 2 scrolls of identify.
  2034 | D:4      | 2034 ||| IDENTIFYING bubbling green potion
  2035 | D:4      | 2035 ||| DROPPING potion of flight.
  2036 | D:4      | 2036 ||| DROPPING potion of berserk rage.
  2037 | D:4      | 2037 ||| Stepping randomly (stuck).
  2038 | D:4      | 2038 ||| Stepping ~*~*~tactically~*~*~ (cloud).
  2267 | D:4      | Noticed a black bear
  2268 | D:4      | 2268 ||| Stepping ~*~*~tactically~*~*~ (stealth).
  2277 | D:4      | Killed a black bear
  2278 | D:4      | Reached skill level 6 in Axes
  2278 | D:4      | Gained mutation: Your magical nature lets you fly swiftly
                  | and evasively. [Tengu growth]
  2278 | D:4      | Reached XP level 5. HP: 16/30 MP: 9/9
  2478 | Temple   | Entered the Ecumenical Temple
  2499 | Temple   | Became a worshipper of Warmaster Okawaru
  2762 | Temple   | 2762 ||| PLANNING D:1-11
  2805 | D:4      | Reached XP level 6. HP: 35/35 MP: 10/10
  2840 | D:4      | Reached skill level 7 in Axes
  3090 | D:4      | Found Irokolota's Weapon Shoppe.
  3105 | D:4      | 3105 ||| BUYING +0 morningstar (48 gold).
  3105 | D:4      | Bought a +0 morningstar for 48 gold pieces
  3105 | D:4      | 3105 ||| SHOPLISTING +12 mace "Ofaecral" {protect, rC+++
                  | rN+++ Str-3 Dex-2} (1333 gold, have 44).
  3105 | D:4      | 3105 ||| DROPPING +0 club.
  3144 | D:4      | Noticed Edmund
  3152 | D:4      | HP: 8/33 [Edmund/+3 flail of draining (15)]
  3153 | D:4      | Mangled by Edmund

Levels and vault maps discovered:
D:1:      minmay_arrival_shattered_statue, layout_loops_ring, serial_shops,
          nicolae_shop_advertising_works [nicolae_subvault_shop_adworks]
D:2:      layout_basic, dreamdust_ecumenical_altar_grove
D:4:      layout_layer_cave, minmay_temple_entry_sparse_star, serial_shops,
          nicolae_shop_bloodbath_and_beyond, uniq_edmund, uniq_natasha,
          uniq_crazy_yiuf_cottage
Temple:   mainiacjoe_temple_circle_huts

Skill      XL: |  1  2  3  4  5  6 |
---------------+-------------------+-----
Axes           | 3 4 6 7 |  7.1
Fighting       | |  2.1
Throwing       | |  1.0
Armour         | |  1.1
Dodging        | |  2.1
Spellcasting   | |  2.0
Translocations | |  2.4

Action                   |  1- 3 |  4- 6 || total
-------------------------+-------+-------++-------
Melee: Hand axe          |    75 |    42 ||   117
       Kick              |    16 |    11 ||    27
       Peck              |     7 |    10 ||    17
Throw: Boomerang         |    22 |    54 ||    76
  Use: Scroll            |     4 |     3 ||     7
Armor: Leather armour    |    22 |     6 ||    28
Dodge: Dodged            |    35 |    22 ||    57

Table legend:
 A = Non-vault XP
 B = Vault XP
 C = Vault XP percentage of total XP
 D = Non-vault monster count
 E = Vault monster count
 F = Vault count percentage of total count
                 A         B        C        D         E       F
            +---------+---------+-------+---------+---------+-------
      Total |     429 |       0 |   0.0 |      57 |       0 |   0.0
            +---------+---------+-------+---------+---------+-------
        D:1 |      58 |       0 |   0.0 |      27 |       0 |   0.0
        D:2 |      81 |       0 |   0.0 |      24 |       0 |   0.0
        D:4 |     290 |       0 |   0.0 |       6 |       0 |   0.0
            +---------+---------+-------+---------+---------+-------
